DBL
NEW YORK YANKEES @ ORLANDO DEVIL RAYS
04/15/1997
 
TOP OF THE 1ST
New York Yankees batting - Pitching for Orlando Devil Rays : LHP Jimmy Key
Pitching: LHP Jimmy Key
Batting: RHB Orlando Cabrera 0-0: Ball
1-0: Fly out, F2 (Popup, 25F, EV 84.4 MPH)
Batting: LHB Bobby Abreu 0-0: Ball
1-0: Called Strike
1-1: Ball
2-1: Foul Ball, location: 2F
2-2: SINGLE (Groundball, 6, EV 103.1 MPH) (infield hit)
Batting: RHB Mike Lieberthal 0-0: Ball
1-0: Foul Ball, location: 2F
1-1: Fly out, F7 (Flyball, 7S, EV 87.5 MPH)
Batting: RHB Kazuhiro Kiyohara 0-0: Ball
1-0: Called Strike
1-1: Ball
2-1: Called Strike
2-2: Foul Ball, location: 2F
2-2: Ball
3-2: Ground out 6-3 (Groundball, 4MS, EV 90.6 MPH)
Top of the 1st over - 0 runs, 1 hit, 0 errors, 1 left on base; New York 0 - Orlando 0
BOTTOM OF THE 1ST
Orlando Devil Rays batting - Pitching for New York Yankees : LHP Brian Bohanon
Pitching: LHP Brian Bohanon
Batting: RHB Craig Biggio 0-0: Called Strike
0-1: Foul Ball, location: 2F
0-2: Strikes out swinging
Batting: RHB Brian Jordan 0-0: Ball
1-0: Called Strike
1-1: Ball
2-1: Hit by Pitch
Batting: RHB Jeff Bagwell 0-0: Ball
1-0: Foul Ball, location: 2F
1-1: Ball
2-1: Called Strike
2-2: Ground out U3 (Groundball, 3S, EV 93.1 MPH)
Brian Jordan to second
Batting: RHB Ron Gant 0-0: 2-RUN HOME RUN (Line Drive, 78XD, EV 95.0 MPH), Distance : 419 ft
Batting: RHB Tim Salmon 0-0: Ball
1-0: Ground out 5-3 (Groundball, 5, EV 81.9 MPH)
Bottom of the 1st over - 2 runs, 1 hit, 0 errors, 0 left on base; New York 0 - Orlando 2
TOP OF THE 2ND
New York Yankees batting - Pitching for Orlando Devil Rays : LHP Jimmy Key
Batting: RHB Travis Fryman 0-0: Called Strike
0-1: Ball
1-1: Called Strike
1-2: Ball
2-2: Strikes out looking
Batting: RHB Phil B. Clark 0-0: Ground out 4-3 (Groundball, 4, EV 87.5 MPH)
Batting: RHB Ryan Thompson 0-0: Called Strike
0-1: Fly out, F8 (Line Drive, 8RM, EV 90.6 MPH)
Top of the 2nd over - 0 runs, 0 hits, 0 errors, 0 left on base; New York 0 - Orlando 2
BOTTOM OF THE 2ND
Orlando Devil Rays batting - Pitching for New York Yankees : LHP Brian Bohanon
Batting: RHB Ivan Rodriguez 0-0: Foul Ball, location: 2F
0-1: Fly out, F7 (Flyball, 78S, EV 88.8 MPH)
Batting: LHB Paul O'Neill 0-0: Ball
1-0: Ball
2-0: Called Strike
2-1: Swinging Strike
2-2: Strikes out swinging
Batting: SHB Jose Valentin 0-0: Ball
1-0: Foul Ball, location: 2F
1-1: Ball
2-1: Fly out, F9 (Flyball, 9D, EV 88.8 MPH)
Bottom of the 2nd over - 0 runs, 0 hits, 0 errors, 0 left on base; New York 0 - Orlando 2
TOP OF THE 3RD
New York Yankees batting - Pitching for Orlando Devil Rays : LHP Jimmy Key
Batting: RHB Darren Lewis 0-0: Ball
1-0: Called Strike
1-1: Ball
2-1: Swinging Strike
2-2: Foul Ball, location: 2F
2-2: Ball
3-2: Base on Balls
Batting: RHB Andy Stankiewicz 0-0: Sac Bunt to 15S - play at first, batter OUT! 1-3
Darren Lewis to second
Batting: RHB Orlando Cabrera 0-0: Ground out 6-3 (Groundball, 4M, EV 105.0 MPH)
Darren Lewis to third
Batting: LHB Bobby Abreu 0-0: Fly out, F8 (Flyball, 8RS, EV 84.4 MPH)
Top of the 3rd over - 0 runs, 0 hits, 0 errors, 1 left on base; New York 0 - Orlando 2
BOTTOM OF THE 3RD
Orlando Devil Rays batting - Pitching for New York Yankees : LHP Brian Bohanon
Batting: SHB Jose Oquendo 0-0: Ball
1-0: Ball
2-0: Ball
3-0: Base on Balls
Batting: RHB Craig Biggio 0-0: Ball
1-0: Bunted foul
1-1: Ball
2-1: Bunt missed!
2-2: Fly out, F7 (Flyball, 7S, EV 89.4 MPH)
Batting: RHB Brian Jordan 0-0: Ball
1-0: 2-RUN HOME RUN (Flyball, 7LD, EV 103.8 MPH), Distance : 371 ft
Batting: RHB Jeff Bagwell 0-0: Ball
1-0: Called Strike
1-1: Foul Ball, location: 2F
1-2: Foul Ball, location: 2F
1-2: SINGLE (Groundball, 6MD, EV 104.4 MPH)
Batting: RHB Ron Gant 0-0: Ball
Wild Pitch!
Jeff Bagwell to second
1-0: Ball
2-0: Foul Ball, location: 2F
2-1: Foul Ball, location: 2F
2-2: SINGLE (Groundball, 56S, EV 65.0 MPH) (infield hit)
Jeff Bagwell to third
Batting: RHB Tim Salmon 0-0: Called Strike
Ron Gant steals 2nd base
0-1: Ball
1-1: Fly out, F7 (Line Drive, 7, EV 97.5 MPH)
Runner from 3rd tags up, SCORES, throw by LF
Batting: RHB Ivan Rodriguez 0-0: Ball
1-0: Called Strike
1-1: Ball
2-1: Ball
3-1: Base on Balls
Batting: LHB Paul O'Neill 0-0: Called Strike
0-1: Foul Ball, location: 2F
0-2: Ball
1-2: Fly out, F6 (Popup, 6, EV 76.9 MPH)
Bottom of the 3rd over - 3 runs, 3 hits, 0 errors, 2 left on base; New York 0 - Orlando 5
TOP OF THE 4TH
New York Yankees batting - Pitching for Orlando Devil Rays : LHP Jimmy Key
Batting: RHB Mike Lieberthal 0-0: Ball
1-0: Ball
2-0: Ball
3-0: Called Strike
3-1: Swinging Strike
3-2: Reached on error, E4 (Groundball, 4, EV 88.1 MPH)
Batting: RHB Kazuhiro Kiyohara 0-0: Ball
1-0: Foul Ball, location: 2F
1-1: Grounds into double play, 4-6-3 (Groundball, 4, EV 101.3 MPH)
Batting: RHB Travis Fryman 0-0: Called Strike
0-1: Ball
1-1: Foul Ball, location: 2F
1-2: Strikes out swinging
Top of the 4th over - 0 runs, 0 hits, 1 error, 0 left on base; New York 0 - Orlando 5
BOTTOM OF THE 4TH
Orlando Devil Rays batting - Pitching for New York Yankees : LHP Brian Bohanon
Batting: SHB Jose Valentin 0-0: Ball
1-0: Ball
2-0: Ball
3-0: Called Strike
3-1: Swinging Strike
3-2: Strikes out swinging
Batting: SHB Jose Oquendo 0-0: Ball
1-0: Ball
2-0: Called Strike
2-1: DOUBLE (Line Drive, 78XD, EV 106.3 MPH)
Batting: RHB Craig Biggio 0-0: Foul Ball, location: 2F
0-1: Foul Ball, location: 2F
0-2: Ground out 5-3 (Groundball, 56S, EV 71.9 MPH)
Jose Oquendo to third
Batting: RHB Brian Jordan 0-0: Ball
1-0: Reached on error, E4 (Groundball, 4, EV 75.6 MPH)
Jose Oquendo scores
Batting: RHB Jeff Bagwell 0-0: Called Strike
0-1: Ball
1-1: Called Strike
1-2: Foul Ball, location: 2F
1-2: Ball
2-2: Foul Ball, location: 2F
2-2: 2-RUN HOME RUN (Flyball, 78XD, EV 111.3 MPH), Distance : 379 ft
Pitching: RHP Andy Ashby
Batting: RHB Ron Gant 0-0: Ball
1-0: Ball
2-0: Called Strike
2-1: Ball
3-1: Called Strike
3-2: SINGLE (Flyball, 9LS, EV 98.8 MPH)
Batting: RHB Tim Salmon 0-0: Ball
1-0: Foul Ball, location: 2F
1-1: DOUBLE (Groundball, 5L, EV 95.0 MPH)
Ron Gant to third
Runner from 3rd tries for Home, SAFE, no throw by LF
Batting: RHB Ivan Rodriguez 0-0: Ball
1-0: Swinging Strike
1-1: Ball
2-1: Ball
3-1: Called Strike
3-2: Base on Balls
Batting: LHB Paul O'Neill 0-0: Foul Ball, location: 2F
0-1: Fielders Choice at 2nd, 5-4 (Groundball, 56, EV 105.0 MPH)
Bottom of the 4th over - 4 runs, 4 hits, 1 error, 2 left on base; New York 0 - Orlando 9
TOP OF THE 5TH
New York Yankees batting - Pitching for Orlando Devil Rays : LHP Jimmy Key
Batting: RHB Phil B. Clark 0-0: Ball
1-0: Ball
2-0: Ball
3-0: Fly out, F8 (Flyball, 89XD, EV 110.6 MPH)
Batting: RHB Ryan Thompson 0-0: Foul Ball, location: 2F
0-1: Ball
1-1: Foul Ball, location: 2F
1-2: Ball
2-2: Ball
3-2: Strikes out looking
Batting: RHB Darren Lewis 0-0: Ball
1-0: Foul Ball, location: 2F
1-1: SINGLE (Line Drive, 89S, EV 113.1 MPH)
Batting: RHB Andy Stankiewicz 0-0: Ball
1-0: Fly out, F6 (Line Drive, 6, EV 71.9 MPH)
Top of the 5th over - 0 runs, 1 hit, 0 errors, 1 left on base; New York 0 - Orlando 9
BOTTOM OF THE 5TH
Orlando Devil Rays batting - Pitching for New York Yankees : RHP Andy Ashby
Batting: SHB Jose Valentin 0-0: Swinging Strike
0-1: Ball
1-1: Foul Ball, location: 2F
1-2: Ball
2-2: Foul Ball, location: 2F
2-2: Foul Ball, location: 2F
2-2: Foul Ball, location: 2F
2-2: Strikes out swinging
Batting: SHB Jose Oquendo 0-0: Ball
1-0: Called Strike
1-1: Reached on error, E8 (Flyball, 8LS, EV 92.5 MPH)
Batting: RHB Craig Biggio 0-0: Ball
1-0: Fly out, F7 (Line Drive, 7, EV 96.9 MPH)
Batting: RHB Brian Jordan 0-0: Ball
Jose Oquendo steals 2nd base
1-0: Foul Ball, location: 2F
1-1: Ball
2-1: DOUBLE (Flyball, 8LXD, EV 95.6 MPH)
Jose Oquendo scores
Batting: RHB Jeff Bagwell 0-0: Ball
1-0: Foul Ball, location: 2F
1-1: Foul Ball, location: 2F
1-2: Ball
2-2: Ball
3-2: Fly out, F7 (Flyball, 7LS, EV 86.9 MPH)
Bottom of the 5th over - 1 run, 1 hit, 1 error, 1 left on base; New York 0 - Orlando 10
TOP OF THE 6TH
New York Yankees batting - Pitching for Orlando Devil Rays : LHP Jimmy Key
Batting: RHB Orlando Cabrera 0-0: Called Strike
0-1: Foul Ball, location: 2F
0-2: Fly out, F2 (Popup, 2LF, EV 88.1 MPH)
Batting: LHB Bobby Abreu 0-0: Called Strike
0-1: Swinging Strike
0-2: Strikes out swinging
Batting: RHB Mike Lieberthal 0-0: Ball
1-0: Ball
2-0: Foul Ball, location: 2F
2-1: Ball
3-1: Called Strike
3-2: Ground out 6-3 (Groundball, 6, EV 84.4 MPH)
Top of the 6th over - 0 runs, 0 hits, 0 errors, 0 left on base; New York 0 - Orlando 10
BOTTOM OF THE 6TH
Orlando Devil Rays batting - Pitching for New York Yankees : RHP Andy Ashby
Batting: RHB Ron Gant 0-0: Ball
1-0: Ball
2-0: Called Strike
2-1: Foul Ball, location: 2F
2-2: Foul Ball, location: 2F
2-2: Foul Ball, location: 2F
2-2: Foul Ball, location: 2F
2-2: Ball
3-2: Base on Balls
Batting: RHB Tim Salmon 0-0: Called Strike
0-1: Ball
1-1: Swinging Strike
1-2: Strikes out swinging
Batting: RHB Ivan Rodriguez 0-0: 2-RUN HOME RUN (Line Drive, 7LD, EV 108.1 MPH), Distance : 365 ft
Batting: LHB Paul O'Neill 0-0: Called Strike
0-1: Foul Ball, location: 2F
0-2: Hit by Pitch
Batting: SHB Jose Valentin 0-0: Ball
1-0: Ball
2-0: Called Strike
2-1: 2-RUN HOME RUN (Flyball, 89XD, EV 97.5 MPH), Distance : 405 ft
Pitching: LHP Doug Simons
Batting: SHB Jose Oquendo 0-0: Ball
1-0: Ball
2-0: Called Strike
2-1: Ground out 4-3 (Groundball, 4M, EV 109.4 MPH)
Batting: RHB Craig Biggio 0-0: Foul Ball, location: 2F
0-1: Foul Ball, location: 2F
0-2: Ball
1-2: Ball
2-2: Ball
3-2: Base on Balls
Batting: RHB Brian Jordan 0-0: Ball
1-0: Fly out, F8 (Flyball, 8RXD, EV 96.3 MPH)
Bottom of the 6th over - 4 runs, 2 hits, 0 errors, 1 left on base; New York 0 - Orlando 14
TOP OF THE 7TH
New York Yankees batting - Pitching for Orlando Devil Rays : LHP Jimmy Key
Pinch Hitting: SHB Edgar Caceres 0-0: SINGLE (Groundball, 6MD, EV 103.8 MPH)
Pinch Hitting: RHB Mike Gallego 0-0: Ball
1-0: Ball
2-0: 2-RUN HOME RUN (Flyball, 7LD, EV 101.3 MPH), Distance : 361 ft
Batting: RHB Phil B. Clark 0-0: Fly out, F6 (Line Drive, 6, EV 65.0 MPH)
Pinch Hitting: LHB J.R. Phillips 0-0: Called Strike
0-1: SINGLE (Line Drive, 8LS, EV 91.3 MPH)
Batting: RHB Darren Lewis 0-0: Swinging Strike
0-1: Ball
1-1: Reached on error, E3 (Groundball, 34, EV 101.9 MPH)
J.R. Phillips to second
Batting: RHB Andy Stankiewicz 0-0: Ball
1-0: Called Strike
1-1: Called Strike
1-2: Ball
2-2: Grounds into double play, 6-4-3 (Groundball, 6, EV 87.5 MPH)
Top of the 7th over - 2 runs, 3 hits, 1 error, 1 left on base; New York 2 - Orlando 14
BOTTOM OF THE 7TH
Orlando Devil Rays batting - Pitching for New York Yankees : LHP Doug Simons
Now at 1B: Edgar Caceres
Now at 3B: Mike Gallego
Now in CF: J.R. Phillips
Pinch Hitting: RHB Jody Reed 0-0: Ball
1-0: Foul Ball, location: 2F
1-1: Fly out, F4 (Line Drive, 4, EV 64.4 MPH)
Pinch Hitting: LHB Tony Womack 0-0: Called Strike
0-1: Foul Ball, location: 2F
0-2: Ball
1-2: Ball
2-2: Strikes out looking
Pinch Hitting: LHB Ron Jones 0-0: Swinging Strike
0-1: Ground out 4-3 (Groundball, 4, EV 75.6 MPH)
Bottom of the 7th over - 0 runs, 0 hits, 0 errors, 0 left on base; New York 2 - Orlando 14
TOP OF THE 8TH
New York Yankees batting - Pitching for Orlando Devil Rays : LHP Jimmy Key
Now at 1B: John Kruk
Now in LF: Ron Jones
Now in RF: Tony Womack
Batting: RHB Orlando Cabrera 0-0: Ball
1-0: Called Strike
1-1: Ball
2-1: DOUBLE (Flyball, 8RXD, EV 104.4 MPH)
Batting: LHB Bobby Abreu 0-0: Ball
1-0: Called Strike
1-1: Swinging Strike
1-2: Foul Ball, location: 2F
1-2: Foul Ball, location: 2F
1-2: Foul Ball, location: 2F
1-2: Ball
2-2: Ball
3-2: Fly out, F7 (Flyball, 78S, EV 81.9 MPH)
Pitching: LHP Joe Magrane
Batting: RHB Mike Lieberthal 0-0: Called Strike
0-1: Called Strike
0-2: Ball
1-2: Foul Ball, location: 2F
1-2: Ground out 5-3 (Groundball, 56, EV 95.6 MPH)
Batting: SHB Edgar Caceres 0-0: Called Strike
0-1: Swinging Strike
0-2: Ball
1-2: TRIPLE (Flyball, 89XD, EV 93.8 MPH)
Orlando Cabrera scores
Batting: RHB Mike Gallego 0-0: Ball
1-0: Called Strike
1-1: Ball
2-1: Called Strike
2-2: Strikes out looking
Top of the 8th over - 1 run, 2 hits, 0 errors, 1 left on base; New York 3 - Orlando 14
BOTTOM OF THE 8TH
Orlando Devil Rays batting - Pitching for New York Yankees : LHP Doug Simons
Batting: RHB Ivan Rodriguez 0-0: Called Strike
0-1: DOUBLE (Line Drive, 3D, EV 95.6 MPH)
Batting: LHB Paul O'Neill 0-0: Foul Ball, location: 2F
0-1: Foul Ball, location: 2F
0-2: Strikes out swinging
Batting: SHB Jose Valentin 0-0: Called Strike
0-1: Ball
1-1: Called Strike
1-2: Foul Ball, location: 2F
1-2: Ball
2-2: Foul Ball, location: 2F
2-2: Fly out, F7 (Flyball, 7LS, EV 88.8 MPH)
Batting: SHB Jose Oquendo 0-0: Ball
1-0: Ball
2-0: Foul Ball, location: 2F
2-1: Foul Ball, location: 2F
2-2: Ball
3-2: Reached on error, E5 (Groundball, 56, EV 102.5 MPH)
Ivan Rodriguez scores
Batting: RHB Craig Biggio 0-0: Ball
1-0: Ball
2-0: SINGLE (Line Drive, 7S, EV 96.3 MPH)
Jose Oquendo to third
Runner from 3rd tries for Home, SAFE, no throw by LF
Batting: RHB Brian Jordan 0-0: Ball
1-0: Foul Ball, location: 2F
1-1: Ground out 1-3 (Groundball, P, EV 85.0 MPH)
Bottom of the 8th over - 2 runs, 2 hits, 1 error, 1 left on base; New York 3 - Orlando 16
TOP OF THE 9TH
New York Yankees batting - Pitching for Orlando Devil Rays : LHP Joe Magrane
Batting: RHB Phil B. Clark 0-0: Called Strike
0-1: Ground out 3-1 (Groundball, 34, EV 86.3 MPH)
Batting: LHB J.R. Phillips 0-0: Swinging Strike
0-1: Called Strike
0-2: Ball
1-2: Ball
2-2: Ball
3-2: Fly out, F6 (Popup, 15, EV 77.5 MPH)
Batting: RHB Darren Lewis 0-0: Ball
1-0: Called Strike
1-1: Ball
2-1: Ball
3-1: Base on Balls
Batting: RHB Andy Stankiewicz 0-0: Ball
1-0: Swinging Strike
1-1: Swinging Strike
1-2: Ball
2-2: SINGLE (Line Drive, 7S, EV 106.9 MPH)
Darren Lewis to second
Batting: RHB Orlando Cabrera 0-0: Fielders Choice at 2nd, 6-4 (Groundball, 6, EV 101.3 MPH)
Top of the 9th over - 0 runs, 1 hit, 0 errors, 2 left on base; New York 3 - Orlando 16
Tuesday, January 27th, 2026 - OOTP Baseball 20.8 Build 74